 Dungeon Crawl Stone Soup version 0.22-a0-619-ga0c6fd2 (webtiles) character file.

340 sking99 the Stinger (level 6, -1/41 HPs)
             Began as a Demonspawn Venom Mage on July 14, 2018.
             Slain by an iguana (12 damage)
             ... on level 4 of the Dungeon.
             The game lasted 00:11:34 (3716 turns).

sking99 the Stinger (Demonspawn Venom Mage)         Turns: 3716, Time: 00:11:35

Health: -1/41      AC:  3    Str:  8    XL:     6   Next: 30%
Magic:  0/10       EV: 12    Int: 19    God:
Gold:   136        SH:  0    Dex: 13    Spells: 5/11 levels left

rFire    . . .     SeeInvis .   s - +0 spear
rCold    . . .     Gourm    .   (no shield)
rNeg     . . .     Faith    .   a - +0 robe
rPois    .         Spirit   .   (helmet restricted)
rElec    .         Reflect  .   (no cloak)
rCorr    .         Harm     .   (no gloves)
MR       .....                  t - +0 pair of boots
Stlth    ++........             (no amulet)
HPRegen  0.13/turn              (no ring)
MPRegen  0.12/turn              (no ring)

@: no status effects
A: horns 2
a: no special abilities


You were on level 4 of the Dungeon.
You were very hungry.

You visited 1 branch of the dungeon, and saw 4 of its levels.

You collected 136 gold pieces.

Inventory:

Hand Weapons
 s - a +0 spear (weapon)
Armour
 a - a +0 robe (worn)
 t - a +0 pair of boots (worn)
Jewellery
 k - a cursed ring of teleportation {unknown}
Scrolls
 b - 2 scrolls of remove curse {unknown}
 e - a scroll of enchant armour {unknown}
 f - a scroll of fog {unknown}
 j - 6 scrolls of identify {unknown}
 l - a scroll of teleportation {unknown}
 o - a scroll of blinking {unknown}
 q - a scroll of magic mapping {unknown}
Potions
 d - 2 potions of brilliance {unknown}
 g - a potion of degeneration {unknown}
 h - 3 potions of lignification {unknown}
 i - a potion of berserk rage {unknown}
 m - a potion of might {unknown}
 n - a potion of heal wounds {unknown}
 p - a potion of flight {unknown}
 r - a potion of magic {unknown}
Comestibles
 c - 3 rations


   Skills:
 - Level 1.7 Dodging
 - Level 1.7 Stealth
 - Level 3.2 Spellcasting
 + Level 2.8 Conjurations
 + Level 2.1 Air Magic
 * Level 5.2 Poison Magic


You had 5 spell levels left.
You knew the following spells:

 Your Spells              Type           Power        Failure   Level  Hunger
a - Sting                 Conj/Pois      ###.         3%          1    None
b - Poisonous Vapours     Pois/Air       ###...       4%          2    ##.....
c - Mephitic Cloud        Conj/Pois/Air  ###.....     11%         3    ###....

Your spell library contained the following spells:

 Spells                   Type           Power        Failure   Level  Hunger
 Venom Bolt               Conj/Pois      ###.......   63%         5    ######.
 Olgreb's Toxic Radiance  Pois           ###.....     17%         4    ####...


Dungeon Overview and Level Annotations

Branches:
Dungeon (4/15)
 Temple: D:4-7

Altars:


Innate Abilities, Weirdness & Mutations

You have a pair of horns on your head.


Message History

Casting: Sting (safe; 3% risk of failure)
Confirm with . or Enter, or press ? or * to list all spells.
Aiming: Sting (safe; 3% risk of failure)
Press: ? - help, Shift-Dir - straight line, f - iguana
Aim: an iguana (almost dead, poisoned)
The sting hits the iguana.
The iguana appears unharmed.
The iguana is almost dead.
The iguana bites you but does no damage.
Casting: Sting (safe; 3% risk of failure)
Confirm with . or Enter, or press ? or * to list all spells.
You don't have enough magic to cast that spell.
Unknown command.
You hit the iguana but do no damage.
The iguana is almost dead.
The iguana bites you.
* * * LOW HITPOINT WARNING * * *
You closely miss the iguana.
The iguana is almost dead.
The iguana bites you!
You die...

###############
...............
...............
......l@.......
...............
#+####+########


You could see an iguana.

Vanquished Creatures
  Sigmund (D:3)
  A bullfrog (D:3)
  An iguana (D:4)
  3 gnolls (D:3)
  An adder (D:3)
  A worm (D:2)
  6 leopard geckos
  An orc (D:3)
  4 bats
  5 giant cockroaches
  8 goblins
  6 hobgoblins
  2 ball pythons
  5 frilled lizards
  11 kobolds
  11 rats
67 creatures vanquished.

Notes
Turn   | Place    | Note
-------+----------+-------------------------------------------
     0 | D:1      | sking99 the Demonspawn Venom Mage began the quest for the Orb.
     0 | D:1      | Reached XP level 1. HP: 13/13 MP: 3/3
   276 | D:1      | Gained mutation: You have a pair of small horns on your head. [demonic ancestry]
   276 | D:1      | Reached XP level 2. HP: 19/19 MP: 1/5
   323 | D:1      | Learned a level 2 spell: Poisonous Vapours
  1136 | D:1      | Reached XP level 3. HP: 24/24 MP: 0/6
  1426 | D:1      | Learned a level 3 spell: Mephitic Cloud
  2307 | D:3      | Reached skill level 1 in Air Magic
  2499 | D:3      | Reached skill level 4 in Poison Magic
  2553 | D:3      | Gained mutation: You have a pair of horns on your head. [demonic ancestry]
  2553 | D:3      | Reached XP level 4. HP: 30/30 MP: 2/7
  2725 | D:3      | Noticed Sigmund
  2772 | D:3      | Noticed a bullfrog
  2778 | D:3      | Killed a bullfrog
  3043 | D:3      | Reached XP level 5. HP: 35/35 MP: 5/9
  3634 | D:3      | Killed Sigmund
  3634 | D:3      | Reached skill level 5 in Poison Magic
  3634 | D:3      | Reached XP level 6. HP: 41/41 MP: 4/10
  3716 | D:4      | Slain by an iguana

Vault maps used:
D:1:      zelgadis_glass_arrival_small, minmay_ruptured
D:2:      due_unseen_surprise
D:3:      uniq_sigmund
D:4:      first_ration, uniq_natasha, uniq_pikel

Skill      XL: |  1  2  3  4  5 |
---------------+----------------+-----
Air Magic      | 1 2 |  2.1
Poison Magic   | 4 5 |  5.2
Conjurations   | 2 |  2.8
Spellcasting   | 3 |  3.2
Dodging        | |  1.7
Stealth        | |  1.7

Action                   |  1- 3 |  4- 6 || total
-------------------------+-------+-------++-------
Melee: Whip              |     4 |       ||     4
       Headbutt          |     2 |       ||     2
       Unarmed           |     1 |       ||     1
       Spear             |       |     2 ||     2
 Cast: Sting             |    96 |    43 ||   139
       Poisonous Vapours |    13 |     9 ||    22
       Mephitic Cloud    |       |     2 ||     2
  Eat: Chunk             |     7 |     3 ||    10
Armor: Robe              |     2 |     4 ||     6
Dodge: Dodged            |    16 |    10 ||    26

Table legend:
 A = Spawn XP
 B = Non-spawn XP
 C = Spawn XP percentage of total XP
 D = Spawn monster count
 E = Non-spawn monster count
 F = Spawn count percentage of total count
 G = Total turns spent on level
                    A         B        C        D         E        F      G
               +---------+---------+-------+---------+---------+-------+---------
         Total |       0 |     486 |   0.0 |       0 |      67 |   0.0 |  3716
               +---------+---------+-------+---------+---------+-------+---------
           D:1 |       0 |      49 |   0.0 |       0 |      30 |   0.0 |  1492
           D:2 |       0 |      26 |   0.0 |       0 |      14 |   0.0 |   788
           D:3 |       0 |     374 |   0.0 |       0 |      22 |   0.0 |  1424
           D:4 |       0 |      37 |   0.0 |       0 |       1 |   0.0 |    12
               +---------+---------+-------+---------+---------+-------+---------
